 Dungeon Crawl Stone Soup version 0.24.0-10-g970556be89 (webtiles) character file.

Game seed: 13911162957018885816, levelgen mode: deterministic

79 Descartes the Ducker (level 4, -1/33 HPs)
             Began as a Demonspawn Wanderer on Nov 3, 2019.
             Slain by a hobgoblin
             ... wielding a +0 club
              (3 damage)
             ... on level 3 of the Dungeon on Nov 4, 2019.
             The game lasted 00:11:12 (3119 turns).

Descartes the Ducker (Demonspawn Wanderer)          Turns: 3119, Time: 00:11:13

Health: -1/33      AC:  3    Str: 11    XL:     4   Next: 17%
Magic:  3/6        EV: 13    Int: 16    God:
Gold:   172        SH:  0    Dex: 12    Spells: 3/6 levels left

rFire    . . .     SeeInvis .   a - +0 spear
rCold    . . .     Gourm    .   (no shield)
rNeg     . . .     Faith    .   d - +0 robe
rPois    .         Spirit   .   (no helmet)
rElec    .         Reflect  .   (no cloak)
rCorr    .         Harm     .   (no gloves)
MR       .....                  (no boots)
Stlth    +.........             (no amulet)
HPRegen  0.11/turn              l - ring of wizardry
MPRegen  0.10/turn              (no ring)

@: no status effects
A: rugged brown scales 1, powered by death 1
a: no special abilities


You were on level 3 of the Dungeon.
You were not hungry.

You visited 1 branch of the dungeon, and saw 3 of its levels.

You collected 172 gold pieces.

Inventory:

Hand Weapons
 a - a +0 spear (weapon)
Missiles
 g - 70 stones (quivered)
Armour
 d - a +0 robe (worn)
 j - a +0 leather armour
Jewellery
 l - a ring of wizardry (left hand)
Scrolls
 b - a scroll of teleportation {unknown}
 e - a scroll of blinking {unknown}
 m - 3 scrolls of identify {unknown}
Potions
 c - 2 potions of curing
 i - a potion of lignification {unknown}
 k - 2 potions of might {unknown}
 n - 2 potions of flight {unknown}
 o - a potion of agility {unknown}
Comestibles
 f - 2 rations


   Skills:
 + Level 1.7 Fighting
 + Level 0.5 Armour
 + Level 3.9 Dodging
 * Level 1.5 Spellcasting
 + Level 1.2 Conjurations
 + Level 0.1 Air Magic
 + Level 3.4 Poison Magic
   Level 2.0 Evocations


You had 3 spell levels left.
You knew the following spells:

 Your Spells              Type           Power        Failure   Level  Hunger
a - Sting                 Conj/Pois      #...         3%          1    ##.....
b - Poisonous Vapours     Pois/Air       #.....       6%          2    ###....

Your spell library contained the following spells:

 Spells                   Type           Power        Failure   Level  Hunger
 Mephitic Cloud           Conj/Pois/Air  #.......     14%         3    ####...
 Olgreb's Toxic Radiance  Pois           ##......     21%         4    #####..
 Venom Bolt               Conj/Pois      #.........   65%         5    ######.


Dungeon Overview and Level Annotations

Branches:
Dungeon (3/15)

Altars:


Innate Abilities, Weirdness & Mutations

You are partially covered in rugged brown scales. (AC +1, +3% HP)
You regenerate a little health from kills.


Message History

The orc is almost dead.
The orc barely misses you.
You barely miss the orc.
The orc is almost dead.
The orc hits you with a +0 club.
You barely miss the orc.
The orc is almost dead.
The orc hits you with a +0 club.
You kill the orc!
The orc priest calls down the wrath of Beogh upon you.
Beogh smites you!
You closely miss the hobgoblin.
The orc priest mumbles some strange prayers to Beogh against you.
Beogh smites you!
* * * LOW HITPOINT WARNING * * *
The hobgoblin closely misses you.
The hobgoblin hits you but does no damage.
There is a stone staircase leading up, spattered with blood here.
The hobgoblin hits you with a +0 club.
You die...

############ .g.
#..........####### ...
#.............o..# ##..
#..........#####.###[..
#..........# #.)##[..
#.........)# ##......
#......o...# ###....
#.....g....# ######..
#.....@....# #.......
#..........# #..######
#..........# #
############


You could see an orc priest and a hobgoblin.

Vanquished Creatures
  An adder (D:2)
  An ooze (D:1)
  3 worms (D:2)
  2 dart slugs
  A leopard gecko (D:1)
  3 orcs (D:3)
  A ball python (D:2)
  4 giant cockroaches
  7 goblins
  6 hobgoblins
  4 kobolds (D:2)
  6 bats
  2 frilled lizards (D:1)
  6 rats
47 creatures vanquished.

Notes
Turn   | Place    | Note
-------+----------+-------------------------------------------
     0 | D:1      | Descartes the Demonspawn Wanderer began the quest for the
                  | Orb.
     0 | D:1      | Descartes set off with the following items: a +0 spear, a
                  | potion of curing, a +0 robe, a ration; and the following
                  | spell memorised: Sting; and the following spells available
                  | to memorise: Poisonous Vapours, Mephitic Cloud, Olgreb's
                  | Toxic Radiance, Venom Bolt
     0 | D:1      | Reached XP level 1. HP: 15/15 MP: 2/2
    55 | D:1      | You fall into a shaft and drop 1 floor!
   299 | D:2      | Gained mutation: You are partially covered in rugged brown
                  | scales. (AC +1, +3% HP) [demonic ancestry]
   299 | D:2      | Reached XP level 2. HP: 15/21 MP: 1/3
  1141 | D:1      | Gained mutation: You regenerate a little health from kills.
                  | [demonic ancestry]
  1141 | D:1      | Reached XP level 3. HP: 26/26 MP: 2/4
  1321 | D:1      | Reached skill level 1 in Spellcasting
  1321 | D:1      | Reached skill level 1 in Conjurations
  2260 | D:2      | Learned a level 2 spell: Poisonous Vapours
  2610 | D:2      | Reached XP level 4. HP: 33/33 MP: 3/5
  3111 | D:3      | HP: 1/33 [orc priest/divine providence (13)]
  3119 | D:3      | Slain by a hobgoblin

Levels and vault maps discovered:
D:1:      shiori_arrival_elements, layout_loops_ring
D:2:      layout_rooms, roderic_roman_lattice
D:3:      layout_rooms, first_ration, trog_butcher_becter, uniq_terence

Skill      XL: |  1  2  3 |
---------------+----------+-----
Spellcasting   | 1 |  1.5
Conjurations   | 1 |  1.2
Fighting       | |  1.7
Armour         | |  0.5
Dodging        | |  3.9
Air Magic      | |  0.1
Poison Magic   | |  3.4
Evocations     | |  2.0

Action                   |  1- 3 |  4- 6 || total
-------------------------+-------+-------++-------
Melee: Spear             |   131 |    13 ||   144
 Cast: Sting             |    45 |    19 ||    64
  Eat: Chunk             |     7 |     2 ||     9
Armor: Robe              |    26 |     1 ||    27
Dodge: Dodged            |    88 |    15 ||   103
